AoeStats
← 体制少妇白洁

Arena

508886992Analyzed
4v4 RM · 7d ago on Sep 24, 2026· 43m 0s· 8 players
Game mode
Random Map
Map size
Large (8 player)
Population
200
Speed
Normal
Resources
Standard
Victory
Conquest
Starting age
Dark Age
Ending age
Imperial Age
RankedLock teamsTeams togetherTeam positionsShared explorationLock speedFull tech treeHidden civsTurbo modeCheats
Victory
Defeat
🇨🇳 Romans · China
1656
+11
🇭🇰 Mongols · Hong Kong SAR China
1482
+18
🇨🇳 Italians · China
1398
+21
🇨🇳 Sicilians · China
1571
-20
🇧🇷 Saracens · Brazil
1532
-18
1491
-17
🇨🇳 Khmer · China
1476
-16
克莱因蓝
6:03 Loom
10:22 Feudal Age
11:28 Double-Bit Axe
11:50 Horse Collar
14:27 Castle Age
15:24 Bow Saw
22:13 Wheelbarrow
22:04 Gold Mining
23:33 Gold Shaft Mining
26:49 Imperial Age
25:28 Scale Mail Armor
25:47 Hand Cart
25:57 Pikeman
26:33 Town Watch
26:33 Loom
26:58 Stone Mining
27:27 Chain Mail Armor
26:59 Arson
27:14 Squires
26:56 Capped Ram
27:57 Conscription
27:22 Halberdier
27:46 Man-at-Arms
28:41 Gambesons
29:26 Plate Mail Armor
29:07 Forging
28:36 Long Swordsman
29:12 Two-Handed Swordsman
30:33 Masonry
29:50 Champion
32:06 Iron Casting
36:16 Blast Furnace
36:57 Siege Ram
41:54 Caravan
EoK_pr1ston
11:03 Feudal Age
14:36 Castle Age
12:34 Double-Bit Axe
12:58 Horse Collar
16:29 Bow Saw
19:41 Loom
21:41 Heavy Plow
23:18 Wheelbarrow
28:56 Imperial Age
26:51 Hand Cart
26:42 Scale Barding Armor
26:47 Forging
27:53 Bloodlines
27:44 Husbandry
28:42 Chain Barding Armor
29:33 Iron Casting
29:02 Elite Mameluke
30:18 Plate Barding Armor
30:55 Conscription
31:15 Fletching
31:50 Ballistics
33:52 Hoardings
34:22 Blast Furnace
33:48 Gold Mining
33:48 Stone Mining
34:26 Bodkin Arrow
35:54 Chemistry
36:40 Masonry
38:14 Murder Holes
38:25 Bracer
38:13 Light Cavalry
39:53 Hussar
42:15 Caravan
丙酮酸嗦话梅
9:40 Feudal Age
12:38 Castle Age
11:00 Double-Bit Axe
11:56 Horse Collar
13:54 Bow Saw
19:41 Wheelbarrow
19:11 Heavy Plow
19:06 Loom
20:02 Gold Mining
20:56 Hand Cart
20:51 Gold Mining
22:19 Gold Shaft Mining
23:27 Stone Mining
23:43 Town Watch
26:42 Imperial Age
24:56 Stone Shaft Mining
26:45 Bloodlines
26:35 Husbandry
27:31 Ballistics
28:50 Chemistry
30:25 Conscription
29:47 Heavy Scorpion
30:38 Capped Ram
32:30 Siege Engineers
34:26 Double Crossbow
35:50 Masonry
36:24 Hoardings
37:48 Architecture
39:23 Scale Barding Armor
39:29 Forging
41:33 Chain Barding Armor
41:45 Light Cavalry
42:32 Elite Battle Elephant
微变等效电路法
10:14 Feudal Age
11:17 Loom
14:07 Castle Age
12:08 Double-Bit Axe
13:28 Horse Collar
16:03 Bow Saw
17:27 Wheelbarrow
21:30 Heavy Plow
24:12 Hand Cart
25:14 Gold Mining
28:41 Imperial Age
27:29 Bloodlines
27:27 Scale Barding Armor
27:42 Husbandry
27:43 Stone Mining
28:34 Gold Shaft Mining
29:10 Forging
30:07 Chain Barding Armor
29:22 Heavy Camel Rider
33:31 Light Cavalry
35:34 Plate Barding Armor
35:16 Elite Shrivamsha Rider
36:58 Iron Casting
38:28 Hussar
42:26 Frontier Guards
体制少妇白洁
10:26 Feudal Age
11:47 Double-Bit Axe
14:37 Castle Age
12:21 Horse Collar
15:43 Bow Saw
21:44 Wheelbarrow
22:53 Heavy Plow
23:58 Hand Cart
24:44 Gold Mining
25:49 Stone Mining
26:34 Gold Shaft Mining
27:32 Stone Shaft Mining
30:01 Imperial Age
27:17 Loom
27:25 Fletching
27:56 Padded Archer Armor
28:18 Ballistics
28:08 Bodkin Arrow
29:08 Leather Archer Armor
30:08 Thumb Ring
30:14 Bloodlines
30:04 Husbandry
31:05 Conscription
30:46 Bracer
31:03 Elite Mangudai
32:10 Parthian Tactics
33:20 Chemistry
32:24 Onager
34:18 Capped Ram
34:33 Siege Onager
35:58 Siege Engineers
37:54 Siege Ram
42:29 Drill
42:19 Caravan
Coriandrum sativum
9:58 Feudal Age
14:00 Castle Age
11:52 Double-Bit Axe
12:17 Horse Collar
15:04 Bow Saw
21:08 Wheelbarrow
21:38 Gold Mining
22:47 Hand Cart
24:20 Gold Shaft Mining
23:40 Loom
26:52 Imperial Age
24:26 Heavy Plow
25:10 Stone Mining
24:58 Man-at-Arms
25:38 Squires
25:40 Scale Mail Armor
25:50 Forging
26:36 Chain Mail Armor
25:42 Long Swordsman
26:51 Ballistics
27:17 Legionary
27:39 Capped Ram
29:57 Iron Casting
28:52 Pikeman
30:20 Crop Rotation
29:37 Onager
29:47 Halberdier
32:09 Blast Furnace
31:53 Conscription
31:44 Siege Engineers
32:24 Fletching
33:29 Masonry
34:10 Siege Ram
34:56 Bodkin Arrow
36:14 Architecture
36:27 Crop Rotation
39:37 Comitatenses
38:53 Heavy Scorpion
41:51 Caravan
43:07 Guilds
夫国之有民,犹水之有舟,停则以安,扰则以危
10:25 Feudal Age
11:12 Double-Bit Axe
14:06 Castle Age
12:17 Domestication
15:07 Bow Saw
15:31 Pastoralism
20:38 Wheelbarrow
20:55 Gold Mining
22:18 Hand Cart
26:37 Imperial Age
24:28 Stone Mining
24:41 Scale Mail Armor
24:54 Squires
26:16 Chain Mail Armor
26:12 Forging
26:42 Capped Ram
27:20 Arson
28:11 Plate Mail Armor
27:54 Lamellar Armor
28:09 Arson
28:53 Loom
29:11 Town Watch
30:18 Iron Casting
31:41 Conscription
31:48 Siege Ram
34:27 Transhumance
33:56 Elite Liao Dao
37:01 Stone Shaft Mining
37:37 Guilds
37:12 Elite Skirmisher
37:54 Padded Archer Armor
37:45 Fletching
43:20 Two-Man Saw
FoLuo
10:26 Feudal Age
11:19 Double-Bit Axe
14:10 Castle Age
12:42 Horse Collar
15:16 Bow Saw
21:09 Wheelbarrow
21:13 Heavy Plow
22:39 Gold Mining
23:23 Hand Cart
23:12 Stone Mining
24:46 Town Watch
27:34 Imperial Age
24:53 Loom
26:02 Stone Shaft Mining
26:03 Fletching
26:13 Padded Archer Armor
26:37 Ballistics
25:59 Treadmill Crane
27:07 Bodkin Arrow
27:52 Leather Archer Armor
28:49 Conscription
29:47 Chemistry
30:04 Two-Man Saw
29:37 Crop Rotation
29:09 Bracer
29:39 Ring Archer Armor
29:22 Thumb Ring
29:55 Elite Genoese Crossbowman
33:38 Guilds
33:50 Masonry
35:19 Pirotechnia
37:11 Architecture
38:55 Hoardings
39:23 Hoardings
Connection lost

Rejoining the realm…

Still unreachable

The connection could not be restored.

Session expired

The server has moved on; the page needs a fresh start.